 Dungeon Crawl Stone Soup version 0.20.0-10-g0535bb4 (console) character file.

5918 jeanjacques the Grappler (level 10, 28/83 HPs)
             Began as a Ghoul Artificer on June 4, 2017.
             Was a Follower of Makhleb.
             Quit the game on level 11 of the Dungeon.
             The game lasted 00:41:29 (5099 turns).

jeanjacques the Grappler (Ghoul Artificer)          Turns: 5099, Time: 00:41:30

Health: 28/83      AC: 14    Str: 19    XL:     10   Next: 83%
Magic:  14/14      EV:  6    Int:  6    God:    Makhleb [*.....]
Gold:   375        SH:  0    Dex: 10    Spells: 9/9 levels left

rFire    . . .     SeeInvis .     - Unarmed
rCold    + . .     Gourm    .   (no shield)
rNeg     + + +     Faith    .   m - +1 plate armour
rPois    ∞         Spirit   .   z - +1 hat
rElec    .         Reflect  .   (no cloak)
rCorr    .         Harm     .   (no gloves)
MR       .....                  (no boots)
Stlth    ..........             (no amulet)
Regen    0.0/turn               g - ring of stealth
MPRegen  0.2/turn               (no ring)

@: rotting
A: rotting body, claws 1, carnivore 3, cold resistance 1, negative energy
resistance 3, inhibited regeneration, torment resistance, unbreathing
a: Renounce Religion


You were on level 11 of the Dungeon.
You worshipped Makhleb.
Makhleb was aware of your devotion.
You were not hungry.

You visited 1 branch of the dungeon, and saw 11 of its levels.

You collected 540 gold pieces.
You spent 165 gold pieces at shops.

Inventory:

Hand Weapons
 a - a +1 short sword
 p - a +1 great mace of draining
Armour
 k - a +0 buckler
 m - a +1 plate armour (worn)
 z - a +1 hat (worn)
Magical Staves
 y - an uncursed staff of poison
Jewellery
 g - a ring of stealth (left claw)
Wands
 d - a wand of enslavement (0/24) {!d}
 h - a wand of random effects (3/48)
 l - a wand of flame (5/48)
 o - a wand of lightning (1/15)
 r - a wand of disintegration (0/24) {!d}
 v - a wand of iceblast (9/15)
 w - a wand of flame (11/48)
 C - a wand of lightning (10/15)
 D - a wand of lightning (6/15)
Scrolls
 n - 2 scrolls of remove curse
 u - a scroll of enchant armour
 x - a scroll of identify
Potions
 b - a potion of magic
 i - a potion of curing
Comestibles
 c - a chunk of flesh {@w1}
 f - 3 meat rations
 q - a royal jelly


   Skills:
 * Level 5.8 Fighting
 - Level 0.8 Short Blades
 - Level 6.0 Armour
 - Level 1.7 Dodging
 - Level 1.1 Stealth
 * Level 11.6 Unarmed Combat
 + Level 3.9 Invocations
 - Level 6.9 Evocations


You had 9 spell levels left.
You didn't know any spells.

Dungeon Overview and Level Annotations

Branches:
Dungeon (11/15)
 Temple: D:4-7         Lair: D:8-11         Orc: D:9-12

Altars:
Cheibriados
Hepliaklqana
Kikubaaqudgha
Makhleb
Qazlal
Sif Muna
Uskayaw
Vehumet
Xom
Zin
The Shining One

Shops:
D:7 }   D:8 [   D:9 }

Annotations:
D:3 Gorglomux's ghost, amateur TeFE
D:8 Erica
D:9 exclusion: downstairs
D:10 Snorg


Innate Abilities, Weirdness & Mutations

Your body is rotting away.
You thrive on raw meat.
You are immune to poison.
You have sharp fingernails.
You are carnivorous and can eat meat at any time.
Your flesh is cold resistant. (rC+)
You are immune to negative energy. (rN+++)
You do not regenerate when monsters are visible.
You are immune to unholy pain and torment.
You can survive without breathing.


Message History

You mangle the wraith!!
You destroy the wraith!
Makhleb accepts your kill.
The crimson imp hits you but does no damage.
Things that are here:
an enchanted falchion; a robe; a scorpion corpse You butcher the scorpion corpse.
The crimson imp summons a swarm of flies.
The crimson imp hits you but does no damage.
Things that are here:
an enchanted falchion; a robe; a chunk of flesh {@w1} You mangle the crimson imp!!
You kill the crimson imp!
Makhleb accepts your kill.
There isn't anything to butcher here.
c - a chunk of flesh {@w1} A two-headed ogre comes into view.
It is wielding a giant club and a giant spiked club.
Evoke which item? (* to show all) (? for menu, Esc to quit)
Aiming: Random Effects
Aim: a two-headed ogre, wielding a giant club and a giant spiked club The puff of frost hits the two-headed ogre.
The two-headed ogre is lightly wounded.
This wand has 3 charges left.
A cyclops comes into view.
A wight comes into view. It is wielding an enchanted spear.
Okay, then.
Unknown command.
Okay, then.
Unknown command.
Evoke which item? (* to show all) (? for menu, Esc to quit)
Okay, then.
Unknown command.
A wight comes into view. It is wielding an enchanted long sword.
A wight comes into view. It is wielding a falchion.
Okay, then.
Okay, then.
Evoke which item? (* to show all) (? for menu, Esc to quit)
Okay, then.
Unknown command.
Are you sure you want to abandon this character and quit the game? (Confirm with "yes".)

#...####
#<....z#
#.zz##....
##..z## #
###..##
##..# ##%#
#.## #.n#
#####.#
...#)#
#.#O#
#...#
#.....#
###.#...
#.##.## #.
.#


You could see a two-headed ogre and 3 wights.

Vanquished Creatures
  2 two-headed ogres (D:8)
  2 orc warriors
  A spriggan (D:9)
  9 yaks (D:9)
  A wraith (D:11)
  A hungry ghost (D:7)
  2 ice beasts
  3 sky beasts
  6 ogres
  2 centaurs
  A necrophage (D:8)
  A big kobold (D:9)
  A bullfrog (D:7)
  4 killer bees
  A scorpion (D:11)
  A wight (D:11)
  4 howler monkeys
  3 crimson imps
  A quasit (D:6)
  3 hounds
  2 jellies
  6 orc priests
  3 orc wizards
  An iguana (D:7)
  2 worker ants (D:6)
  2 hound zombies
  6 adders
  3 shadow imps
  2 worms (D:4)
  2 leopard geckos
  41 orcs
  2 bats (D:2)
  2 giant cockroaches
  8 goblins
  5 hobgoblins
  10 jackals
  8 kobolds
  A frilled lizard (D:4)
  A quokka skeleton (D:4)
  3 rats
159 creatures vanquished.

Vanquished Creatures (collateral kills)
  A wraith (D:7)
  A hungry ghost (D:8)
  A howler monkey (D:7)
  An orc wizard (D:6)
  An iguana (D:8)
  3 orcs
  A giant cockroach (D:6)
9 creatures vanquished.

Grand Total: 168 creatures vanquished

Notes
Turn   | Place    | Note
-------+----------+-------------------------------------------
     0 | D:1      | jeanjacques the Ghoul Artificer began the quest for the Orb.
     0 | D:1      | Reached XP level 1. HP: 16/16 MP: 1/1
   101 | D:3      | Found a shimmering altar of Xom.
   104 | D:3      | Found a shimmering altar of Xom.
   104 | D:3      | Found a shimmering altar of Xom.
   104 | D:3      | Found a shimmering altar of Xom.
   105 | D:3      | Found a shimmering altar of Xom.
   111 | D:3      | Found a shimmering altar of Xom.
   140 | D:4      | Reached skill level 1 in Unarmed Combat
   140 | D:4      | Reached XP level 2. HP: 23/23 MP: 3/3
   233 | D:4      | Noticed an ogre
   242 | D:4      | Killed an ogre
   242 | D:4      | Reached skill level 3 in Unarmed Combat
   242 | D:4      | Reached skill level 3 in Evocations
   242 | D:4      | Reached XP level 3. HP: 28/28 MP: 4/4
   242 | D:4      | Reached XP level 4. HP: 35/35 MP: 5/5
   272 | D:4      | Found an ancient bone altar of Kikubaaqudgha.
   431 | D:4      | Found a stormy altar of Qazlal.
   622 | D:3      | Noticed Gorglomux's ghost (amateur TeFE)
   662 | D:4      | Reached skill level 4 in Unarmed Combat
   662 | D:4      | Reached XP level 5. HP: 25/39 MP: 6/6
   679 | D:4      | Found a radiant altar of Vehumet.
   679 | D:4      | Found a snail-covered altar of Cheibriados.
   814 | D:5      | Entered Level 5 of the Dungeon
   829 | D:5      | Noticed a sky beast
   866 | D:6      | Reached skill level 5 in Unarmed Combat
   878 | D:6      | Killed a sky beast
   878 | D:6      | Reached skill level 4 in Evocations
   878 | D:6      | Reached XP level 6. HP: 39/47 MP: 6/8
   919 | D:6      | Found a glowing golden altar of the Shining One.
  1125 | D:5      | Noticed an ice beast
  1143 | D:6      | Killed an ice beast
  1143 | D:6      | Reached skill level 6 in Unarmed Combat
  1143 | D:6      | Reached XP level 7. HP: 37/52 MP: 9/9
  2272 | D:6      | Reached skill level 1 in Armour
  2272 | D:6      | Reached skill level 7 in Unarmed Combat
  2349 | D:7      | Found a deep blue altar of Sif Muna.
  2351 | D:7      | Noticed a wraith
  2533 | D:6      | Reached skill level 2 in Armour
  2533 | D:6      | Reached skill level 5 in Evocations
  2561 | D:6      | Found a glowing silver altar of Zin.
  2583 | D:6      | Reached XP level 8. HP: 57/57 MP: 10/10
  2661 | D:7      | Found Iquit's Gadget Boutique.
  2686 | D:7      | Killed a wraith
  2686 | D:7      | Reached skill level 8 in Unarmed Combat
  2744 | D:7      | Bought a wand of iceblast (11/15) for 165 gold pieces
  2920 | D:8      | Noticed Erica
  3021 | D:8      | Reached skill level 3 in Armour
  3102 | D:8      | Found Karch's Armour Boutique.
  3114 | D:8      | Reached skill level 9 in Unarmed Combat
  3171 | D:8      | Reached XP level 9. HP: 64/64 MP: 12/12
  3203 | D:8      | Reached skill level 6 in Evocations
  3206 | D:8      | ::learning things is exhausting
  3372 | D:8      | Noticed a two-headed ogre
  3384 | D:8      | Killed a two-headed ogre
  3384 | D:8      | Reached skill level 4 in Armour
  3384 | D:8      | Reached skill level 10 in Unarmed Combat
  3706 | D:10     | Entered Level 10 of the Dungeon
  3902 | D:7      | Found a burning altar of Makhleb.
  3902 | D:7      | Noticed a cacodemon
  3905 | D:7      | Noticed an orange demon
  3905 | D:7      | Noticed a hellwing
  3907 | D:7      | Became a worshipper of Makhleb the Destroyer
  4318 | D:8      | Noticed a two-headed ogre
  4328 | D:8      | Killed a two-headed ogre
  4328 | D:8      | Reached skill level 5 in Armour
  4328 | D:8      | Reached skill level 11 in Unarmed Combat
  4328 | D:8      | Reached skill level 2 in Invocations
  4328 | D:8      | Reached XP level 10. HP: 47/71 MP: 14/14
  4338 | D:9      | Found a glowing golden altar of the Shining One.
  4338 | D:9      | Found a hide-covered altar of Uskayaw.
  4488 | D:9      | Reached skill level 3 in Invocations
  4564 | D:9      | Reached skill level 6 in Armour
  4565 | D:9      | Reached skill level 2 in Fighting
  4566 | D:9      | Reached skill level 3 in Fighting
  4574 | D:9      | Reached * piety under Makhleb
  4630 | D:10     | Noticed Snorg
  4672 | D:9      | Reached skill level 4 in Fighting
  4844 | D:9      | Found Voacwua's Gadget Boutique.
  4889 | D:9      | Found a hazy altar of Hepliaklqana.
  4987 | D:9      | Reached skill level 5 in Fighting
  5096 | D:11     | Noticed a two-headed ogre
  5097 | D:11     | Noticed a cyclops
  5099 | D:11     | Quit the game

Skill      XL: |  1  2  3  4  5  6  7  8  9 10 |
---------------+-------------------------------+-----
Unarmed Combat | 1 3 4 5 6 7 9 11 | 11.6
Evocations     | 3 4 5 6 |  6.9
Armour         | 2 3 5 6 |  6.0
Invocations    | 2 3 |  3.9
Fighting       | 5 |  5.8
Short Blades   | |  0.8
Dodging        | |  1.7
Stealth        | |  1.1

Action                   |  1- 3 |  4- 6 |  7- 9 | 10-12 || total
-------------------------+-------+-------+-------+-------++-------
Melee: Unarmed           |    16 |    62 |   345 |   151 ||   574
       Punch             |       |     4 |     4 |     4 ||    12
Evoke: Wand              |     3 |    20 |    58 |    25 ||   106
  Use: Scroll            |       |     6 |     6 |     3 ||    15
       Potion            |       |       |    10 |     1 ||    11
 Stab: Paralysed         |     6 |       |     4 |     4 ||    14
       Confused          |       |       |     1 |       ||     1
  Eat: Chunk             |     1 |     6 |    54 |    28 ||    89
Armor: Leather armour    |     9 |    13 |       |       ||    22
       Plate armour      |       |       |   272 |   111 ||   383
Dodge: Dodged            |    13 |    37 |    86 |    61 ||   197

Table legend:
 A = Turns spent in this place as a percentage of turns spent in the entire game.
 B = Non-inter-level travel turns spent in this place as a percentage of non-inter-level travel turns spent in the entire game.
 C = Inter-level travel turns spent in this place as a percentage of turns spent in this place.
 D = Turns resting spent in this place as a percentage of non-inter-level travel turns spent in this place.
 E = Turns spent auto-exploring this place as a percentage of non-inter-level travel turns spent in this place.
 F = Non-inter-level travel turns spent in this place divided by the number of levels of this place that you've seen.
                   A       B       C       D       E      F
               +-------+-------+-------+-------+-------+----------------------
         Total | 100.0 | 100.0 |   0.5 |   0.0 |   4.2 | 253.8
       Dungeon | 100.0 | 100.0 |   0.5 |   0.0 |   4.2 | 253.8
               +-------+-------+-------+-------+-------+----------------------

Table legend:
 A = Kills in this place as a percentage of kills in entire the game.
 B = Kills by you in this place as a percentage of kills by you in the entire game.
 C = Kills by friends in this place as a percentage of kills by friends in the entire game.
 D = Other kills in this place as a percentage of other kills in the entire game.
 E = Experience gained in this place as a percentage of experience gained in the entire game.
 F = Experience gained in this place divided by the number of levels of this place that you have seen.
                   A       B       C       D       E      F
               +-------+-------+-------+-------+-------+----------------------
         Total | 100.0 | 100.0 | 100.0 |  -nan | 100.0 | 768.6
       Dungeon | 100.0 | 100.0 | 100.0 |  -nan | 100.0 | 768.6
               +-------+-------+-------+-------+-------+----------------------

Vault maps used:
D:1:      tarquinn_simple_flora_water_a
D:2:      first_bread, guppyfry_early_orc_mine
D:3:      xom_redecorated
D:4:      kiku_gazebo_pond_becter, gammafunk_temple_overflow_elements,
          kennysheep_little_box, kennysheep_generic_room_3
D:5:      kennysheep_mini, temple_statues, uniq_pikel
D:6:      lemuel_doored_altar, basic_altar
D:7:      lemuel_crystal_altar, makhleb_altar_promises_db, serial_shops, shop,
          serial_corexii_hall, corexii_hall_statues_l, corexii_hall_statues_l
D:8:      serial_shops, shop, special_room, uniq_erica
D:9:      old_standard_altar, gammafunk_temple_overflow_pools, serial_shops,
          shop, the_bakery
D:10:     basic_altar, uniq_snorg, uniq_josephine
D:11:     david_lair_shrubbed, nrook_mini_vaults

Action                   |  1- 3 |  4- 6 |  7- 9 | 10-12 || total
-------------------------+-------+-------+-------+-------++-------
Melee: Unarmed           |    16 |    62 |   345 |   151 ||   574
       Punch             |       |     4 |     4 |     4 ||    12
Evoke: Wand              |     3 |    20 |    58 |    25 ||   106
  Use: Scroll            |       |     6 |     6 |     3 ||    15
       Potion            |       |       |    10 |     1 ||    11
 Stab: Paralysed         |     6 |       |     4 |     4 ||    14
       Confused          |       |       |     1 |       ||     1
  Eat: Chunk             |     1 |     6 |    54 |    28 ||    89
Armor: Leather armour    |     9 |    13 |       |       ||    22
       Plate armour      |       |       |   272 |   111 ||   383
Dodge: Dodged            |    13 |    37 |    86 |    61 ||   197
